[Event "*** Qualifier 3: Titled Tuesday 3|2 Blitz"]
[Site "Chess.com"]
[Date "2017.04.18"]
[Round "6"]
[White "Jamaladam12200620"]
[Black "aa175"]
[Result "1-0"]
[WhiteElo "1976"]
[BlackElo "1829"]
[TimeControl "180+2"]
[EndTime "14:17:53 PDT"]
[Termination "Jamaladam12200620 won by checkmate"]

1. e4 e5 2. Nf3 Nc6 3. Bc4 Nf6 4. d4 Nxe4 5. O-O d5 6. Bb5 Bg4 7. dxe5 Bc5 8. Nc3 O-O 9. Bxc6 bxc6 10. Nxe4 dxe4 11.
Qxd8 Rfxd8 12. Ng5 h6 13. Nxe4 Bd4 14. h3 Bf5 15.
Re1 Bxe5 16. c3 Bxe4 17. f4 Bxf4 18. Bxf4 f5 19. Bxc7 Rd2 20. g4 Rxb2 21. Rad1 Rg2+ 22. Kf1 Rh2 23. Bxh2 fxg4 24. Rxe4 gxh3 25. Rd7 Rf8+ 26. Ke2 g5 27. Ree7 g4 28. Rg7+ Kh8 29. Rh7+ Kg8 30. Rdg7# 1-0

[Event "*** Qualifier 3: Titled Tuesday 3|2 Blitz"]
[Site "Chess.com"]
[Date "2017.04.18"]
[Round "6"]
[White "penguingm1"]
[Black "Drags95"]
[Result "1-0"]
[WhiteElo "2581"]
[BlackElo "2537"]
[TimeControl "180+2"]
[EndTime "14:17:54 PDT"]
[Termination "penguingm1 won by resignation"]

1. d4 Nf6 2. c4 g6 3. f3 c5 4. d5 Bg7 5. e4 d6 6. Nc3 O-O 7. Nge2 e6 8. Ng3 exd5 9. cxd5 h5 10. Bg5 Nbd7 11. Be2 a6 12. a4 Qc7 13. Qd2 Nh7 14.
Bh6 h4 15. Nf1 Ne5 16. Bxg7 Kxg7 17. f4 Ng4 18. h3 Nh6 19. Ne3 f5 20. e5 dxe5 21. d6 Qf7 22. fxe5 f4 23. Ned5 Ng5 24.
O-O Ne6 25. Bc4 g5 26. Nf6 Bd7 27. Nce4 Kg6 28. Nxc5 Nxc5 29. Bxf7+ Rxf7 30. Qc2+ 1-0

[Event "*** Qualifier 3: Titled Tuesday 3|2 Blitz"]
[Site "Chess.com"]
[Date "2017.04.18"]
[Round "6"]
[White "Blitzstream"]
[Black "VMikhalevski"]
[Result "0-1"]
[WhiteElo "2469"]
[BlackElo "2564"]
[TimeControl "180+2"]
[EndTime "14:18:07 PDT"]
[Termination "VMikhalevski won by checkmate"]

1. d4 Nf6 2. Bg5 Ne4 3. Bh4 c5 4. f3 g5 5. fxe4 gxh4 6. e3 Nc6 7.
Nf3 Bh6 8. d5 Nb8 9. Nxh4 Bxe3 10. Nf5 Bf4 11. Nd2 e6 12. Ng7+ Kf8 13. Nh5 Qh4+ 14.
g3 Bxd2+ 15. Kxd2 Qxe4 16. Bd3 Qxd5 17. Qg4 Nc6 18. Qg7+ Ke7 19. Qf6+ Kd6 20. Qxh8 Qxh5 21. Raf1 f5 22. Qf8+ Ne7 23. g4 Qg5+ 24. Kd1 b6 25.
gxf5 Bb7 26. Qf7 Bxh1 27. Rxh1 Nxf5 28. Re1 Ne3+ 29. Kd2 Nc4+ 30. Kc3 Qd2+ 31. Kxc4 Qb4# 0-1

[Event "*** Qualifier 3: Titled Tuesday 3|2 Blitz"]
[Site "Chess.com"]
[Date "2017.04.18"]
[Round "6"]
[White "Outsmiter"]
[Black "chesstatour"]
[Result "0-1"]
[WhiteElo "2065"]
[BlackElo "1962"]
[TimeControl "180+2"]
[EndTime "14:18:12 PDT"]
[Termination "chesstatour won by resignation"]

1. e4 c6 2. d3 d5 3. Nd2 e5 4.
Ngf3 Qc7 5. g3 Bc5 6. Bg2 Nf6 7. O-O O-O 8. c3 dxe4 9. dxe4 Bg4 10. Qc2 Nbd7 11.
b4 Bb6 12. h3 Bh5 13. Nh4 Rad8 14. a4 a5 15. Nb3 Rfe8 16. Bg5 Bg6 17. Nxg6 hxg6 18. Rfd1 Nf8 19. Rxd8 Rxd8 20. Rd1 Ne6 21. Bxf6 gxf6 22. Rd3 Kg7 23. Qd2 Rxd3 24. Qxd3 axb4 25. cxb4 Bd4 26. Bf3 Qb6 27. Qd2 c5 28. b5 c4 29. h4 cxb3 0-1

[Event "*** Qualifier 3: Titled Tuesday 3|2 Blitz"]
[Site "Chess.com"]
[Date "2017.04.18"]
[Round "6"]
[White "DryCounty"]
[Black "stefanodinn"]
[Result "1-0"]
[WhiteElo "2445"]
[BlackElo "2188"]
[TimeControl "180+2"]
[EndTime "14:18:18 PDT"]
[Termination "DryCounty won by resignation"]

1. e4 e5 2. Nf3 Nc6 3. d4 exd4 4.
Bc4 Bc5 5. O-O d6 6. c3 dxc3 7. Qb3 Qd7 8. Re1 Kf8 9. Qc2 Ne5 10. Nxe5 dxe5 11. Nxc3 c6 12. a3 Nf6 13. Bg5 Ng4 14.
Rad1 Bd4 15. h3 Nxf2 16. Qxf2 Bxf2+ 17. Kxf2 f6 18. Rxd7 Bxd7 19. Be3 b6 20. Rd1 Ke7 21. b4 Rhd8 22. Rc1 Be6 23. Be2 Rac8 24. Na4 Bd7 25.
Nb2 Be6 26. a4 Rc7 27. a5 bxa5 28. bxa5 Rb8 29. Na4 Rb4 30. Nc5 Bf7 31. Na6 1-0

[Event "*** Qualifier 3: Titled Tuesday 3|2 Blitz"]
[Site "Chess.com"]
[Date "2017.04.18"]
[Round "6"]
[White "jefferyx"]
[Black "Cryptochess"]
[Result "1-0"]
[WhiteElo "2615"]
[BlackElo "2472"]
[TimeControl "180+2"]
[EndTime "14:18:19 PDT"]
[Termination "jefferyx won on time"]

1. e4 d6 2. d4 Nf6 3. Nc3 g6 4. Nf3 Bg7 5. Be2 O-O 6. O-O Bg4 7. e5 Nfd7 8. h3 Bxf3 9. Bxf3 c6 10. exd6 exd6 11.
d5 c5 12. Ne4 Ne5 13. Be2 Re8 14. Re1 Qc7 15. Bb5 Rf8 16. Bf1 a6 17. c4 h6 18.
f4 Ned7 19. f5 Kh7 20. Bd3 Bd4+ 21. Kh1 Ne5 22. Qd2 g5 23. Nxg5+ hxg5 24. f6+ Nxd3 25.
Qxd3+ Kh8 26. Qf5 Nd7 27. Re7 Rae8 28. Bxg5 Rxe7 29. fxe7 Rg8 30. Qxf7 Qc8 31. Qh5+ Kg7 32. Rf1 Nf6 33. Qh6+ Kf7 34. Bxf6 1-0

[Event "*** Qualifier 3: Titled Tuesday 3|2 Blitz"]
[Site "Chess.com"]
[Date "2017.04.18"]
[Round "6"]
[White "XDPS"]
[Black "Spartakus1975"]
[Result "0-1"]
[WhiteElo "2541"]
[BlackElo "2574"]
[TimeControl "180+2"]
[EndTime "14:18:27 PDT"]
[Termination "Spartakus1975 won by resignation"]

1. d4 d5 2. c4 c6 3. Nf3 Nf6 4. Nbd2 Bf5 5. Nh4 Bc8 6. g3 g6 7.
Bg2 Bg7 8. O-O O-O 9. b3 a5 10. Bb2 a4 11. Qc2 axb3 12. axb3 Na6 13. Bc3 Bg4 14. Rfe1 Qc7 15. h3 Be6 16. Nhf3 Bf5 17. Qb2 Ne4 18. Nh4 Nxc3 19. Qxc3 c5 20. Nxf5 gxf5 21.
e3 dxc4 22. Qxc4 cxd4 23. exd4 Qxc4 24. Nxc4 Bxd4 25. Rad1 Bf6 26. Bxb7 Ra7 27. Bd5 Nb4 28. Ne3 e6 29. Bc4 Rd8 30. Rxd8+ Bxd8 31. Rd1 Bb6 32. Nf1 Ra2 33. Rd2 Ra1 34. Kg2 Bc5 35. Nh2 Kg7 36. Nf3 Kf6 37. Re2 Bd6 38. Rd2 Ke7 39.
Nd4 Bc5 40. Nb5 Rc1 41. Nd4 Bxd4 42. Rxd4 Nc2 43. Rh4 Ne1+ 44. Kf1 Nf3+ 45. Kg2 Nxh4+ 46. gxh4 Rc3 47. h5 h6 0-1

[Event "*** Qualifier 3: Titled Tuesday 3|2 Blitz"]
[Site "Chess.com"]
[Date "2017.04.18"]
[Round "6"]
[White "amazingoid"]
[Black "Gabix_94"]
[Result "0-1"]
[WhiteElo "2324"]
[BlackElo "2522"]
[TimeControl "180+2"]
[EndTime "14:18:40 PDT"]
[Termination "Gabix_94 won on time"]

1. e4 c5 2. Nc3 a6 3. f4 b5 4. g3 Bb7 5. Bg2 e6 6. d3 d5 7. exd5 b4 8. Na4 exd5 9. Nf3 Nf6 10.
O-O Be7 11. h3 O-O 12. Be3 Nbd7 13. Ne5 Qc7 14. Nxd7 Nxd7 15. Kh2 Bc6 16. b3 Rae8 17. Rb1 Bb7 18. Bf2 Bd6 19. Qh5 Nf6 20. Qf3 Re7 21.
Rfe1 Rfe8 22. Rxe7 Rxe7 23. Re1 h6 24. Rxe7 Bxe7 25.
Qe3 c4 26. Qb6 Qc8 27. dxc4 Nd7 28. Qa7 Bc6 29. cxd5 Bb5 30. Nb6 Nxb6 31. Qxb6 Qxc2 32. g4 Kh7 33. Qd4 Bd3 34. Kg3 Bf6 0-1

[Event "*** Qualifier 3: Titled Tuesday 3|2 Blitz"]
[Site "Chess.com"]
[Date "2017.04.18"]
[Round "6"]
[White "kleinebeer98"]
[Black "djano"]
[Result "0-1"]
[WhiteElo "2447"]
[BlackElo "2386"]
[TimeControl "180+2"]
[EndTime "14:18:47 PDT"]
[Termination "djano won by resignation"]

1. e4 e6 2. d4 d5 3. Nd2 Nf6 4.
e5 Nfd7 5. f4 c5 6. Ngf3 Nc6 7.
Nb3 a5 8. a4 g6 9. Bb5 cxd4 10.
O-O Qb6 11. Kh1 Be7 12. Nbxd4 Nc5 13. Be3 Bd7 14. c3 Qd8 15. c4 Nxd4 16. Qxd4 Nb3 17. Qc3 Nxa1 18. Rxa1 Bxb5 19. axb5 dxc4 20. Qxc4 O-O 21.
h4 Qd5 22. Qe2 Rfd8 23. h5 Qd3 24. Qf2 Qxb5 25. g4 Rd3 26. f5 Qd5 27. Kh2 Qe4 28. fxg6 Qxe3 29. gxf7+ Kf8 0-1

[Event "*** Qualifier 3: Titled Tuesday 3|2 Blitz"]
[Site "Chess.com"]
[Date "2017.04.18"]
[Round "6"]
[White "OparinGrigoriy"]
[Black "mwpchess"]
[Result "1-0"]
[WhiteElo "2617"]
[BlackElo "2396"]
[TimeControl "180+2"]
[EndTime "14:18:50 PDT"]
[Termination "OparinGrigoriy won by resignation"]

1. e4 c6 2. Nc3 d5 3. Nf3 Bg4 4. h3 Bxf3 5. Qxf3 e6 6. g3 Nf6 7. Bg2 dxe4 8. Nxe4 Nxe4 9. Qxe4 Nd7 10. O-O Nf6 11.
Qe3 a5 12. b3 Be7 13. Bb2 O-O 14. Rfe1 Nd5 15. Qe2 Bf6 16. d4 Re8 17. c4 Nb4 18.
a3 Na6 19. Rad1 Nc7 20. h4 Qd7 21. h5 h6 22. Rd2 Rad8 23. Red1 Qe7 24. Qe3 Bg5 25. f4 Bf6 26. Bf3 a4 27. b4 Rd7 28.
Kg2 Red8 29. Be4 Qd6 30. Bc2 b5 31. c5 Qe7 32. Qe4 Qe8 33. Qxc6 Rd5 34. Qxe8+ Rxe8 35. Be4 Rdd8 36. Kf3 Nd5 37. c6 Nc7 38. Rc2 Rd6 39. g4 Red8 40. Rg2 Bxd4 41. Rgd2 Bc5 42. Rxd6 Rxd6 43.
Rxd6 Bxd6 44. g5 hxg5 45. fxg5 e5 46. Bf5 Kf8 47. Ke4 f6 48. g6 Kg8 49. Bc1 Kf8 50. Be3 Kg8 51. Ba7 Kf8 52. Bb6 Kg8 53. Bxc7 Bxc7 54. Kd5 Bb6 55. Ke6 Kf8 56. Kd7 1-0

[Event "*** Qualifier 3: Titled Tuesday 3|2 Blitz"]
[Site "Chess.com"]
[Date "2017.04.18"]
[Round "6"]
[White "pastouche06"]
[Black "silverback96"]
[Result "1-0"]
[WhiteElo "2320"]
[BlackElo "2041"]
[TimeControl "180+2"]
[EndTime "14:18:58 PDT"]
[Termination "pastouche06 won by resignation"]

1. c4 g6 2. d4 Bg7 3. Nc3 c5 4.
d5 e6 5. e4 exd5 6. cxd5 d6 7.
Nge2 Nf6 8. Ng3 O-O 9. Be2 Re8 10. O-O a6 11. a4 h5 12. f3 h4 13. Nh1 Nh5 14.
f4 Bd4+ 15. Nf2 Ng3 16. Re1 Nxe4 17. Nxe4 Rxe4 18. Kf1 Re8 19. Bd3 Nd7 20. Qc2 Rxe1+ 21. Kxe1 Qf6 22. Ne4 Qg7 23. Kf1 Nf6 24. Nxd6 Ng4 25.
h3 Nh2+ 26. Ke2 Qf6 27. Ne4 Qh8 28. Be3 Bxe3 29. Kxe3 Qd4+ 30. Ke2 Bf5 31. Qc3 Qxc3 32. bxc3 Bxe4 33. Bxe4 Re8 34. Kd3 f5 35. Bf3 Nxf3 36. gxf3 Kf7 37. Rb1 Re7 38. Rb6 Rc7 39. Kc4 Kg7 40.
d6 Rd7 41. Kxc5 Kf7 42. Kd5 Kf6 43. a5 Kf7 44. c4 Kg7 45. c5 Kf6 46. Rb1 Rh7 47.
Re1 Rd7 48. Re8 Kf7 49. Rc8 1-0

[Event "*** Qualifier 3: Titled Tuesday 3|2 Blitz"]
[Site "Chess.com"]
[Date "2017.04.18"]
[Round "6"]
[White "A-Fier"]
[Black "JoachimBN"]
[Result "1/2-1/2"]
[WhiteElo "2530"]
[BlackElo "2652"]
[TimeControl "180+2"]
[EndTime "14:19:02 PDT"]
[Termination "Game drawn by agreement"]

1. d4 Nf6 2. c4 e6 3. Nc3 Bb4 4.
Qc2 O-O 5. Nf3 c5 6. dxc5 Na6 7. g3 Nxc5 8. Bg2 Nce4 9. O-O Bxc3 10. bxc3 d5 11.
Nd2 Nxd2 12. Bxd2 dxc4 13. Bg5 h6 14. Bxf6 Qxf6 15. Qa4 Qxc3 16. Rac1 Qf6 17. Qxc4 e5 18. Qc7 Bg4 19. Bxb7 Rad8 20. Rc2 Rd7 21. Qc6 Qxc6 22.
Bxc6 Rd6 23. f3 Be6 24. a4 Rc8 25. Rfc1 Bb3 26. Rc3 Rd1+ 27. Rxd1 Bxd1 28. Rd3 Bxe2 29. Rd6 Bc4 30. Kf2 g6 31. g4 Kf8 32. Bb5 Bxb5 33. axb5 Rc5 34. Ra6 Rxb5 35. Rxa7 Kg7 36. h4 Rd5 37.
Ra6 Rb5 38. Kg3 Rb3 39. Kg2 Rb7 40. Kg3 Re7 41. Kg2 e4 42. fxe4 Rxe4 43. Kf3 Rb4 44. Ra5 Rb3+ 45. Kg2 Kf8 46. Ra6 Ke7 47. h5 Rb4 48.
Kg3 Rb3+ 49. Kg2 gxh5 50. gxh5 f6 51. Ra7+ Ke6 52. Rh7 Kf5 53. Rxh6 Kg5 54. Rg6+ Kxh5 55. Rxf6 1/2-1/2

[Event "*** Qualifier 3: Titled Tuesday 3|2 Blitz"]
[Site "Chess.com"]
[Date "2017.04.18"]
[Round "6"]
[White "aRk_iN"]
[Black "juniortay"]
[Result "1-0"]
[WhiteElo "2093"]
[BlackElo "2238"]
[TimeControl "180+2"]
[EndTime "14:19:03 PDT"]
[Termination "aRk_iN won by resignation"]

1. e4 e5 2. Nf3 Nf6 3. Nxe5 Nc6 4.
Nxc6 dxc6 5. d3 Bc5 6. Be2 h5 7. Nc3 Ng4 8. Bxg4 hxg4 9. Qe2 Be6 10. Be3 Bd4 11. Bxd4 Qxd4 12. O-O-O Rh5 13. f4 gxf3 14. gxf3 O-O-O 15. f4 Ra5 16. Kb1 Bxa2+ 17. Nxa2 Qa4 18. Qg4+ f5 19. Qxg7 Qxa2+ 20. Kc1 fxe4 21. b3 Qa3+ 22. Qb2 Qf8 23. dxe4 Qxf4+ 24. Kb1 Re8 25. h4 Rh5 26.
Qd4 Rhh8 27. Qxa7 1-0

[Event "*** Qualifier 3: Titled Tuesday 3|2 Blitz"]
[Site "Chess.com"]
[Date "2017.04.18"]
[Round "6"]
[White "ChristopherYoo"]
[Black "JusticeBot"]
[Result "0-1"]
[WhiteElo "2270"]
[BlackElo "2506"]
[TimeControl "180+2"]
[EndTime "14:19:14 PDT"]
[Termination "JusticeBot won by resignation"]

1. e4 e5 2. Nf3 Nc6 3. Bb5 a6 4.
Ba4 Nf6 5. O-O b5 6. Bb3 Bb7 7. Re1 Bc5 8. d3 d6 9. c3 h6 10. h3 O-O 11. Nbd2 Bb6 12. Nf1 Ne7 13. Ng3 Ng6 14. Nf5 c5 15. Bc2 Bc8 16. d4 exd4 17. cxd4 Re8 18. dxc5 dxc5 19. Qxd8 Rxd8 20. e5 Nd5 21. a3 Be6 22. g4 Ndf4 23. Kh2 Nd3 24.
Bxd3 Rxd3 25. Be3 Bd5 26. N3h4 Nxe5 27. Ne7+ Kf8 28. Nxd5 Rxd5 29. f4 Nd3 30. Re2 Re8 31. Kg3 Nxb2 32. Rae1 Rd3 33. Kg2 Kg8 34. Nf5 Nc4 35. Bf2 Rxe2 36. Rxe2 Rd8 37. Re7 Nxa3 38. Rb7 Nc4 39. Ne7+ Kf8 40. Nc6 Rc8 41. Na7 Rc7 42.
Rb8+ Ke7 43. Nc8+ Rxc8 44. Rxc8 Kd6 45. Rg8 g6 46. Rh8 b4 47. Be1 b3 48. Bc3 b2 49.
Bxb2 Nxb2 50. Rxh6 c4 51. Rh8 c3 52. Rc8 Bc7 53. Re8 c2 54. Re1 Nd3 55. Ra1 c1=Q 56. Rxc1 Nxc1 57. h4 Ke7 58. Kf3 a5 0-1

[Event "*** Qualifier 3: Titled Tuesday 3|2 Blitz"]
[Site "Chess.com"]
[Date "2017.04.18"]
[Round "6"]
[White "superjem123"]
[Black "Keranke"]
[Result "0-1"]
[WhiteElo "2550"]
[BlackElo "2635"]
[TimeControl "180+2"]
[EndTime "14:19:23 PDT"]
[Termination "Keranke won by checkmate"]

1. c4 b6 2. d4 Bb7 3. Nc3 e6 4. Nf3 Bb4 5. Bd2 f5 6. a3 Bxc3 7. Bxc3 Nf6 8. g3 Ne4 9. Qd3 O-O 10. Bg2 d6 11. O-O Nd7 12. Nd2 Nxd2 13. Bxb7 Nxf1 14. Rxf1 Rb8 15. Bc6 Nf6 16. d5 exd5 17.
cxd5 Qe7 18. Qa6 Ne4 19. Bd4 f4 20. Qxa7 Nd2 21. Re1 fxg3 22. hxg3 Nf3+ 23. exf3 Qxe1+ 24.
Kg2 Qd1 25. Be3 Qxf3+ 26. Kg1 Qf7 27. b4 Rbe8 28. Bxe8 Rxe8 29. a4 h6 30. a5 bxa5 31. bxa5 Re4 32. a6 Qxd5 33. Qxc7 Ra4 34. Qc8+ Kh7 35. Kh2 Qe4 36. a7 Ra1 37. g4 Rh1+ 38.
Kg3 Rg1+ 39. Kh4 Qh1# 0-1

[Event "*** Qualifier 3: Titled Tuesday 3|2 Blitz"]
[Site "Chess.com"]
[Date "2017.04.18"]
[Round "6"]
[White "Ilja_Semjonovs"]
[Black "olomi007"]
[Result "0-1"]
[WhiteElo "2201"]
[BlackElo "2490"]
[TimeControl "180+2"]
[EndTime "14:19:30 PDT"]
[Termination "olomi007 won by resignation"]

1. e4 c5 2. Nf3 Nc6 3. Nc3 g6 4.
d4 cxd4 5. Nxd4 Bg7 6. Be3 Nf6 7. Bc4 O-O 8. Bb3 Re8 9. O-O d6 10. h3 Na5 11. Qd2 b6 12. f3 Bb7 13. Rad1 Rc8 14. Qf2 Nc4 15. Bxc4 Rxc4 16. Ndb5 Qb8 17. Rd2 a6 18.
Na3 Rb4 19. Bxb6 Rxb2 20. Bd4 Rb4 21. Bxf6 Bxf6 22. Nd5 Bxd5 23. Rxd5 Rb2 24. Kh1 Qb4 25. e5 Bxe5 26. Rd3 Bc3 27. Qe3 Rc8 28. Qxe7 Qxa3 29.
Rfd1 Rb6 30. Rxd6 Rxd6 31. Rxd6 Bb4 32. Rd8+ Rxd8 33. Qxd8+ Bf8 34. Qd4 Qxa2 35. c4 Qa4 36. Qd5 Qb4 37. Kh2 a5 38. h4 h5 39. g4 Qd6+ 40.
Qxd6 Bxd6+ 0-1

[Event "*** Qualifier 3: Titled Tuesday 3|2 Blitz"]
[Site "Chess.com"]
[Date "2017.04.18"]
[Round "6"]
[White "CM_FM_IM_GM"]
[Black "FearlessKing64"]
[Result "1-0"]
[WhiteElo "2014"]
[BlackElo "2147"]
[TimeControl "180+2"]
[EndTime "14:19:30 PDT"]
[Termination "CM_FM_IM_GM won by resignation"]

1. d4 Nf6 2. c4 g6 3. Nf3 Bg7 4. g3 O-O 5. Bg2 d5 6. O-O dxc4 7. Qc2 c5 8. Qxc4 cxd4 9. Rd1 Nc6 10. Nxd4 Nxd4 11. Qxd4 Qxd4 12. Rxd4 Bg4 13. Nc3 Rad8 14. Be3 Rxd4 15. Bxd4 b6 16. Rd1 Rd8 17. h3 Be6 18. a3 Ne8 19. Bxg7 Rxd1+ 20. Nxd1 Kxg7 21.
e3 Nc7 22. Kf1 Bc4+ 23. Ke1 Bd5 24. Bxd5 Nxd5 25. Kd2 Kf6 26. Nc3 Nxc3 27. Kxc3 Ke6 28. Kd4 Kd6 29. f4 f5 30. a4 a6 31. b4 a5 32. b5 Ke6 33. e4 Kd6 34. exf5 gxf5 35. g4 fxg4 36. hxg4 Ke6 37. f5+ Kf6 38. Kd5 h6 39. Kc6 h5 40. gxh5 Kxf5 41. h6 Kg6 42.
Kxb6 Kxh6 43. Kc5 1-0

[Event "*** Qualifier 3: Titled Tuesday 3|2 Blitz"]
[Site "Chess.com"]
[Date "2017.04.18"]
[Round "6"]
[White "GulamaliRises"]
[Black "Alex_Molchanov"]
[Result "1-0"]
[WhiteElo "2460"]
[BlackElo "2431"]
[TimeControl "180+2"]
[EndTime "14:19:37 PDT"]
[Termination "GulamaliRises won on time"]

1. e4 c6 2. d4 d5 3. f3 e6 4. Nc3 Qb6 5. a3 Nd7 6. Nge2 dxe4 7.
Nxe4 Ngf6 8. N2g3 c5 9. dxc5 Nxc5 10. Nxf6+ gxf6 11. b4 Nd7 12. c4 f5 13. c5 Qc7 14.
Bb2 Rg8 15. Qd2 Rg6 16. Bb5 a6 17. Ba4 b5 18. cxb6 Qxb6 19. O-O-O Bh6 20. f4 Qc7+ 21.
Kb1 Bxf4 22. Qd4 Ke7 23. Rhe1 Bxg3 24. hxg3 Nf6 25. Qh4 Bb7 26. Rd7+ Qxd7 27. Bxd7 Kxd7 28. Bxf6 h6 29. Qd4+ Bd5 30. Rc1 Rxg3 31. Rc3 Rxg2 32. Qb6 Be4+ 33. Ka1 Ke8 34. Qd6 Rg1+ 35. Kb2 Rg2+ 36.
Kb3 Bd5+ 37. Ka4 1-0

[Event "*** Qualifier 3: Titled Tuesday 3|2 Blitz"]
[Site "Chess.com"]
[Date "2017.04.18"]
[Round "6"]
[White "Fandorine"]
[Black "iturrizaga"]
[Result "1-0"]
[WhiteElo "2702"]
[BlackElo "2641"]
[TimeControl "180+2"]
[EndTime "14:19:39 PDT"]
[Termination "Fandorine won by checkmate"]

1. e4 c5 2. Nf3 g6 3. c3 Nf6 4. e5 Nd5 5. d4 cxd4 6. Qxd4 Nc7 7. Bc4 Nc6 8. Qh4 d5 9. exd6 Qxd6 10. O-O Be6 11. Bf4 Qc5 12. Bb3 Nd5 13. Bg3 Bg7 14.
Nbd2 h6 15. Rfe1 O-O 16. Rxe6 fxe6 17. Re1 e5 18. Qe4 e6 19. Qxg6 Rae8 20. Nc4 Nf4 21.
Bxf4 exf4 22. Rxe6 Rxe6 23. Qxe6+ Kh8 24. Nd6 Nd8 25. Qe7 b6 26. h3 Qh5 27. Bc2 Nc6 28. Qe4 Kg8 29. Qh7# 1-0

[Event "*** Qualifier 3: Titled Tuesday 3|2 Blitz"]
[Site "Chess.com"]
[Date "2017.04.18"]
[Round "6"]
[White "NowInChess"]
[Black "cailinchetty"]
[Result "1-0"]
[WhiteElo "2016"]
[BlackElo "1935"]
[TimeControl "180+2"]
[EndTime "14:19:52 PDT"]
[Termination "NowInChess won by resignation"]

1. e4 c5 2. d3 Nc6 3. g3 g6 4.
Bg2 Bg7 5. f4 e6 6. Nf3 Nge7 7.
O-O d5 8. c3 O-O 9. Be3 b6 10.
e5 Ba6 11. a4 Qc7 12. Na3 Nc8 13. Nb5 Bxb5 14. axb5 N6e7 15. Bf2 Qb7 16. c4 a6 17. bxa6 Rxa6 18. Qd2 Rxa1 19. Rxa1 Na7 20. b4 cxb4 21. Qxb4 Nec8 22. Nd4 Rd8 23. cxd5 exd5 24. e6 Bf8 25. exf7+ Qxf7 26. Qe1 Bc5 27. Bh3 Re8 28. Be6 Rxe6 29. Qxe6 Bxd4 30. Qxf7+ Kxf7 31. Bxd4 Nc6 32. Be5 N8e7 33.
Rb1 Nc8 34. Bc7 Ke6 35. Bxb6 Kd6 36. d4 Nxb6 37. Rxb6 Kc7 38. Rb5 Nxd4 39. Rxd5 Nf5 40. Kf2 Ne7 41. Rd1 Nf5 42. Kf3 Ne7 43. Kg4 Nf5 44. Kg5 Kc8 45. Kf6 Kc7 46. Kf7 Kc6 47. Kg8 h6 48. Kf7 g5 49. fxg5 hxg5 50. Kf6 Ne3 51.
Rc1+ Kd5 52. Kxg5 Ke4 53. Re1 Kf3 54. Rxe3+ Kxe3 55. h4 1-0

[Event "*** Qualifier 3: Titled Tuesday 3|2 Blitz"]
[Site "Chess.com"]
[Date "2017.04.18"]
[Round "6"]
[White "saraswathii"]
[Black "MateusViageiro"]
[Result "0-1"]
[WhiteElo "2216"]
[BlackElo "2293"]
[TimeControl "180+2"]
[EndTime "14:19:57 PDT"]
[Termination "MateusViageiro won by resignation"]

1. d4 Nf6 2. Bf4 e6 3. e3 d5 4. Nf3 c5 5. c3 Nc6 6. Nbd2 Bd6 7.
Bg3 cxd4 8. exd4 Qc7 9. Bd3 O-O 10. O-O Re8 11. Qe2 b6 12. a3 Bxg3 13. hxg3 e5 14. dxe5 Nxe5 15. Bb5 Re7 16. Nxe5 Rxe5 17. Qd1 Bg4 18. Nf3 Rh5 19. Qd4 Rd8 20. Nh2 Bc8 21.
Rfe1 Rh6 22. Re2 Qc5 23. Qxc5 bxc5 24. Rae1 Be6 25. g4 Rg6 26. f3 h5 27. gxh5 Nxh5 28. g4 Nf4 29. Re5 c4 30. Rd1 Nd3 31. Re2 Rb8 32.
a4 Rb6 33. b3 Nf4 34. Rb2 a6 35. Be8 Kf8 36. a5 Rxb3 37. Rxb3 cxb3 38. Ba4 Ne2+ 0-1

[Event "*** Qualifier 3: Titled Tuesday 3|2 Blitz"]
[Site "Chess.com"]
[Date "2017.04.18"]
[Round "6"]
[White "PowerThinking2650"]
[Black "biostatistician"]
[Result "0-1"]
[WhiteElo "2235"]
[BlackElo "2465"]
[TimeControl "180+2"]
[EndTime "14:20:04 PDT"]
[Termination "biostatistician won by resignation"]

1. e4 e6 2. d4 d5 3. Nd2 Nc6 4. Ngf3 Nf6 5. e5 Ne4 6. Bd3 Nxd2 7.
Bxd2 Nb4 8. Be2 c5 9. Bxb4 cxb4 10. O-O Bd7 11. Bd3 Be7 12. h3 Qb6 13. Qd2 Bb5 14.
Qf4 Bxd3 15. cxd3 Rc8 16. Qg4 O-O 17. h4 Rc2 18. h5 Rxb2 19. h6 g6 20. Rfc1 Ra8 21.
Qf4 Qd8 22. g4 b3 23. axb3 Rxb3 24. Rc2 Rb6 25. Rac1 Rc6 26. Rxc6 bxc6 27. Rxc6 a5 28. Qc1 a4 29. Rc2 a3 30. Ra2 Rc8 31. Qd2 Rb8 32. Kg2 Bb4 33. Qc2 Bf8 34. g5 Be7 35. Qd2 Qb6 36. Qc3 Qb4 37. Qc7 Ra8 38. Rc2 a2 39. Nh2 a1=Q 40. Ng4 Qd1 41. Qc8+ Rxc8 42. Rxc8+ Bf8 43.
Nf6+ Kh8 44. Rxf8+ Qxf8 45. Nd7 Qe7 46. Nf6 Qxd3 0-1

[Event "*** Qualifier 3: Titled Tuesday 3|2 Blitz"]
[Site "Chess.com"]
[Date "2017.04.18"]
[Round "6"]
[White "andreimacovei2000"]
[Black "chessking2151"]
[Result "0-1"]
[WhiteElo "2380"]
[BlackElo "2334"]
[TimeControl "180+2"]
[EndTime "14:20:04 PDT"]
[Termination "chessking2151 won by resignation"]

1. e4 e5 2. Nf3 Nc6 3. Bb5 f5 4.
d3 fxe4 5. dxe4 Nf6 6. Nc3 Bb4 7. O-O Bxc3 8. bxc3 O-O 9. Nd2 d6 10. f3 Be6 11.
Bc4 Qe7 12. Re1 Kh8 13. Bb3 Nh5 14. Nc4 Nf4 15. Ne3 Qf7 16. Nd5 Bxd5 17. Bxd5 Nxd5 18. Qxd5 Qxd5 19. exd5 Ne7 20. c4 h6 21. Rb1 Rab8 22. Be3 a6 23. Red1 b5 24. c5 Rfd8 25. Rd2 b4 26.
cxd6 cxd6 27. f4 Nf5 28. Bf2 e4 29. Re1 Re8 30. Rde2 Rbc8 31. g4 e3 32. gxf5 exf2+ 33. Kxf2 Rxe2+ 34. Rxe2 Kg8 35. Ke3 Rc4 36. Kd3 Rxf4 37.
Re6 Rf3+ 38. Kc4 a5 39. Kb5 Rc3 40. Rxd6 Rxc2 41. Kxa5 Rxa2+ 42. Kxb4 Rxh2 43. Kc5 Kf7 44. Ra6 Rf2 45. d6 Rxf5+ 46. Kc6 Rf1 47. d7 Rc1+ 48.
Kd6 Rd1+ 49. Kc7 Ke7 50. Ra2 Rxd7+ 51. Kc6 Rd3 0-1

[Event "*** Qualifier 3: Titled Tuesday 3|2 Blitz"]
[Site "Chess.com"]
[Date "2017.04.18"]
[Round "6"]
[White "Kacparov"]
[Black "nurmiTV"]
[Result "0-1"]
[WhiteElo "2584"]
[BlackElo "2424"]
[TimeControl "180+2"]
[EndTime "14:20:08 PDT"]
[Termination "nurmiTV won by resignation"]

1. e4 e5 2. Na3 Nc6 3. Nc4 g6 4.
Nf3 Bg7 5. c3 Nge7 6. h4 h6 7.
d3 d5 8. exd5 Nxd5 9. h5 g5 10.
Qb3 O-O 11. Ne3 Nf4 12. Qc2 Re8 13. g3 Nd5 14. Bg2 Nd4 15. Qd1 Nxe3 16. Bxe3 Bg4 17. Kf1 Nf5 18. Qe2 Qd7 19. Bc5 b6 20. Ba3 Rad8 21.
Qe4 Nd6 22. Bxd6 cxd6 23. c4 Bf5 24. Qd5 Be6 25. Qe4 f5 26. Qe2 Qc7 27. Nd2 d5 28.
cxd5 Bxd5 29. Bxd5+ Rxd5 30. Kg2 Qd7 31. Rad1 Rxd3 32.
Nc4 Qc6+ 33. Kh2 Rd4 34. Rxd4 exd4 35. Qd3 Qe4 36. Rd1 Qe2 37. Kg2 Qxh5 38. Rd2 f4 39. Nd6 Rf8 40. Qc4+ Kh8 41. Qd5 f3+ 42. Kg1 Qh3 43.
Nf7+ Rxf7 44. Qa8+ Rf8 0-1

[Event "*** Qualifier 3: Titled Tuesday 3|2 Blitz"]
[Site "Chess.com"]
[Date "2017.04.18"]
[Round "6"]
[White "ka1ser64"]
[Black "Rogue_King"]
[Result "1-0"]
[WhiteElo "2339"]
[BlackElo "2124"]
[TimeControl "180+2"]
[EndTime "14:20:08 PDT"]
[Termination "ka1ser64 won by resignation"]

1. d4 Nf6 2. c4 g6 3. Nc3 Bg7 4. e4 O-O 5. Nf3 d6 6. Be2 e5 7. O-O Nc6 8. d5 Ne7 9. Ne1 Nd7 10. Be3 f5 11. f3 f4 12. Bf2 g5 13. Rc1 h5 14. c5 Nxc5 15. b4 Nd7 16. Nb5 Nf6 17.
Nxc7 g4 18. Nxa8 Ng6 19. Nc7 g3 20. Ne6 Bxe6 21. dxe6 gxf2+ 22. Rxf2 d5 23. exd5 e4 24. d6 Qb6 25. e7 Ra8 26. Rc5 Nd7 27. Qd5+ Kh7 28.
Qxh5+ Bh6 29. Rg5 Qxd6 30. fxe4 Re8 31. Bb5 Rxe7 32. Nd3 Rg7 33. Rd5 Qf6 34. Bxd7 Ne7 35. Bf5+ Nxf5 36. Qxf5+ Qxf5 37. exf5 Rc7 38. h3 Rc3 39.
Nxf4 Bg7 40. Ne6 Bf6 41. Rd7+ Kg8 42. Rxb7 Rc1+ 43. Kh2 Be5+ 44. g3 Rc3 45. Nf4 Rd3 1-0